 Dungeon Crawl Stone Soup version 0.20.1-1-g8b1a95d (webtiles) character file.

4518 wilfster70 the Cleaver (level 10, -13/90 HPs)
             Began as a Minotaur Berserker on July 2, 2017.
             Was an Elder of Trog.
             Mangled by a two-headed ogre
             ... wielding a +0 giant club
              (17 damage)
             ... on level 8 of the Dungeon on July 17, 2017.
             The game lasted 00:32:24 (7793 turns).

wilfster70 the Cleaver (Minotaur Berserker)         Turns: 7793, Time: 00:32:25

Health: -13/90     AC: 14    Str: 21    XL:     10   Next: 17%
Magic:  9/9        EV: 11    Int:  4    God:    Trog [****..]
Gold:   443        SH:  6    Dex: 14    Spells: 9/9 levels left

rFire    . . .     SeeInvis .   a - +1 hand axe
rCold    . . .     Gourm    .   x - +1 buckler
rNeg     . . .     Faith    .   J - +0 chain mail
rPois    .         Spirit   .   (helmet restricted)
rElec    .         Reflect  .   r - +0 cloak
rCorr    .         Harm     .   D - +0 pair of gloves
MR       .....                  K - +0 pair of boots
Stlth    ..........             (no amulet)
Regen    0.3/turn               (no ring)
MPRegen  0.2/turn               (no ring)

@: berserk cooldown, slowed, very slow
A: retaliatory headbutt, horns 2
a: Berserk, Trog's Hand, Brothers in Arms, Burn Spellbooks, Renounce Religion


You were on level 8 of the Dungeon.
You worshipped Trog.
Trog was greatly pleased with you.
You were near starving.

You visited 1 branch of the dungeon, and saw 8 of its levels.

You collected 443 gold pieces.

Inventory:

Hand Weapons
 a - a +1 hand axe (weapon)
 b - a +0 flail
Armour
 r - a +0 cloak (worn)
 x - a +1 buckler (worn)
 D - a +0 pair of gloves (worn)
 J - a +0 chain mail (worn)
 K - a +0 pair of boots (worn)
Jewellery
 e - an uncursed ring of fire
Wands
 n - a wand of iceblast (7/15)
 q - a wand of confusion (27/48)
Scrolls
 i - a scroll of blinking {unknown}
 j - 2 scrolls of remove curse
 m - a scroll of fear
 o - 2 scrolls of teleportation
 s - a scroll of enchant weapon
 w - 2 scrolls of identify
 y - a scroll of fog
 C - a scroll of brand weapon {unknown}
 E - a scroll of noise {unknown}
 H - 3 scrolls of recharging {unknown}
 I - a scroll of holy word {unknown}
Potions
 d - 2 potions of ambrosia {unknown}
 g - a potion of flight {unknown}
 h - a potion of lignification {unknown}
 k - 3 potions of heal wounds {unknown}
 l - a potion of brilliance {unknown}
 p - 2 potions of mutation {unknown}
 u - a potion of might {unknown}
 v - 2 potions of curing
 z - a potion of magic {unknown}
 B - 2 potions of cancellation {unknown}
 F - a potion of haste {unknown}
Books
 G - a book of Callings

   Spells                             Type                      Level
   a - Summon Small Mammal            Summoning                    1
   b - Call Imp                       Summoning                    2
   c - Call Canine Familiar           Summoning                    3
   d - Summon Guardian Golem          Hexes/Summoning              3
   e - Summon Lightning Spire         Summoning/Air                4
   f - Summon Ice Beast               Ice/Summoning                4
   Trog disapproves of the use of such an item.
Comestibles
 c - 7 bread rations
 f - 5 meat rations
 t - 7 royal jellies


   Skills:
 + Level 8.8 Fighting
 * Level 11.1 Axes
 + Level 7.3 Armour
 + Level 7.0 Dodging
 - Level 0.1 Stealth
 - Level 6.0 Shields
 + Level 0.0 Evocations


You had 9 spell levels left.
You didn't know any spells.

Dungeon Overview and Level Annotations

Branches:
Dungeon (8/15)             Temple (0/1) D:4            Lair (0/6) D:8

Altars:
Ashenzari
Gozag
Hepliaklqana
Kikubaaqudgha
Makhleb
Qazlal
Sif Muna
Vehumet
Zin


Innate Abilities, Weirdness & Mutations

You reflexively headbutt those who attack you in melee.
You have a pair of horns on your head.


Message History

You block the two-headed ogre's attack. The two-headed ogre barely misses you.
You barely miss the two-headed ogre.
The two-headed ogre is heavily wounded.
The two-headed ogre hits you with a giant club.
The two-headed ogre hits you but does no damage.
You slash the two-headed ogre! You headbutt the two-headed ogre.
The two-headed ogre is severely wounded.
The two-headed ogre hits you with a giant club!
The two-headed ogre barely misses you.
You barely miss the two-headed ogre. You headbutt the two-headed ogre.
The two-headed ogre is severely wounded.
The two-headed ogre hits you with a giant club.
You block the two-headed ogre's attack.
The two-headed ogre hits you with a giant club!!
* * * LOW HITPOINT WARNING * * *
The two-headed ogre hits you with a giant club!
* * * LOW HITPOINT WARNING * * *
You block the two-headed ogre's attack.
The two-headed ogre hits you with a giant club!
You die...

#.#.# #.# #
#.#.####[# #
#.#.....^# #
#.######## # #.# #
#.# # #.# #
#.################
#
#....@O....$......
##################


You could see a two-headed ogre.

Vanquished Creatures
  A komodo dragon (D:8)
  A hornet (D:8)
  2 hippogriffs
  A human (D:7)
  3 hogs (D:7)
  A yak (D:7)
  3 hungry ghosts
  Menkaure (D:6)
  An ice beast (D:5)
  2 sky beasts
  A phantom (D:6)
  2 ogres
  4 centaurs
  A crocodile (D:8)
  2 bullfrogs (D:7)
  4 scorpions
  3 killer bees (D:7)
  A howler monkey (D:5)
  2 crimson imps
  A bullfrog zombie (D:5)
  6 hounds
  2 centaur skeletons (D:6)
  6 orc wizards
  2 orc priests (D:6)
  2 jellies
  3 iguanas
  4 worker ants
  A killer bee zombie (D:7)
  A hound skeleton (D:4)
  8 gnolls
  6 adders
  A shadow imp (D:7)
  An ooze (D:1)
  3 adder skeletons
  An adder zombie (D:5)
  3 worms
  4 dart slugs
  12 leopard geckos
  13 orcs
  10 giant cockroaches
  7 goblins
  6 hobgoblins
  8 jackals (D:5)
  10 kobolds
  4 quokkas
  3 ball pythons
  9 bats
  3 frilled lizards
  A jackal zombie (D:5)
  7 rats (D:1)
184 creatures vanquished.

Vanquished Creatures (others)
  A plant (D:8)
1 creature vanquished.

Grand Total: 185 creatures vanquished

Notes
Turn   | Place    | Note
-------+----------+-------------------------------------------
     0 | D:1      | wilfster70 the Minotaur Berserker began the quest for the Orb.
     0 | D:1      | Reached XP level 1. HP: 19/19 MP: 0/0
   127 | D:1      | HP: 1/20 [kobold/stone (1)]
   142 | D:1      | Reached skill level 4 in Axes
   142 | D:1      | Reached XP level 2. HP: 3/27 MP: 1/1
   155 | D:1      | HP: 1/27 [rat (3)]
   495 | D:1      | Upgraded the game from 0.20.1 to 0.20.1-1-g8b1a95d
   555 | D:1      | Reached XP level 3. HP: 24/33 MP: 2/2
  1187 | D:1      | Reached ** piety under Trog
  1349 | D:2      | Reached XP level 4. HP: 37/41 MP: 3/3
  1392 | D:2      | Found a shattered altar of Ashenzari.
  1424 | D:2      | Reached skill level 5 in Axes
  1869 | D:2      | Found a hazy altar of Hepliaklqana.
  2108 | D:3      | Reached XP level 5. HP: 41/47 MP: 4/4
  2283 | D:3      | Found a stormy altar of Qazlal.
  2565 | D:3      | Reached skill level 5 in Fighting
  2919 | D:4      | Reached XP level 6. HP: 29/56 MP: 5/5
  3190 | D:4      | Reached skill level 6 in Axes
  3254 | D:4      | Reached *** piety under Trog
  3321 | D:4      | Reached skill level 1 in Shields
  3527 | D:4      | Found a staircase to the Ecumenical Temple.
  3864 | D:5      | Entered Level 5 of the Dungeon
  3906 | D:5      | Reached XP level 7. HP: 14/62 MP: 6/6
  4493 | D:5      | Reached skill level 7 in Axes
  4537 | D:5      | Found a burning altar of Makhleb.
  5138 | D:6      | Reached XP level 8. HP: 30/71 MP: 7/7
  5421 | D:6      | Found an opulent altar of Gozag.
  5448 | D:6      | Reached skill level 8 in Axes
  5448 | D:6      | Reached skill level 5 in Armour
  5492 | D:6      | Found a glowing silver altar of Zin.
  5495 | D:6      | Found an ancient bone altar of Kikubaaqudgha.
  5498 | D:6      | Found a radiant altar of Vehumet.
  5519 | D:6      | Reached skill level 5 in Dodging
  5688 | D:6      | Noticed Menkaure
  5694 | D:6      | Killed Menkaure
  5848 | D:7      | Reached skill level 9 in Axes
  5850 | D:7      | Reached **** piety under Trog
  5995 | D:7      | Reached XP level 9. HP: 79/79 MP: 8/8
  6144 | D:7      | Reached skill level 5 in Shields
  6147 | D:7      | Reached skill level 10 in Axes
  6624 | D:7      | Found a deep blue altar of Sif Muna.
  7407 | D:8      | Found a staircase to the Lair.
  7408 | D:8      | Noticed a komodo dragon
  7436 | D:8      | Killed a komodo dragon
  7436 | D:8      | Reached XP level 10. HP: 88/90 MP: 9/9
  7463 | D:8      | Paralysed by a hornet for 3 turns
  7643 | D:8      | Reached skill level 11 in Axes
  7777 | D:8      | Noticed a two-headed ogre
  7791 | D:8      | HP: 3/90 [two-headed ogre/giant club (10)]
  7793 | D:8      | Mangled by a two-headed ogre

Skill      XL: |  1  2  3  4  5  6  7  8  9 10 |
---------------+-------------------------------+-----
Axes           | 4 5 6 7 9 10 11 | 11.1
Fighting       | 4 5 6 7 8 |  8.8
Dodging        | 3 4 5 6 7 |  7.0
Armour         | 3 4 5 7 |  7.3
Shields        | 1 2 4 5 6 |  6.0
Stealth        | |  0.1

Action                   |  1- 3 |  4- 6 |  7- 9 | 10-12 || total
-------------------------+-------+-------+-------+-------++-------
Melee: Hand axe          |    65 |   130 |   298 |    28 ||   521
       Headbutt          |     9 |    18 |    71 |    14 ||   112
Invok: Berserk           |       |     1 |     7 |     2 ||    10
  Use: Scroll            |     1 |     5 |     7 |       ||    13
       Potion            |       |       |     1 |       ||     1
 Stab: Sleeping          |       |     1 |       |       ||     1
  Eat: Chunk             |     1 |     9 |    19 |     3 ||    32
Armor: Animal skin       |    14 |     3 |       |       ||    17
       Ring mail         |       |    25 |    64 |       ||    89
       Chain mail        |       |       |    58 |    19 ||    77
Dodge: Dodged            |    58 |    93 |   188 |    16 ||   355
Block: Buckler           |       |       |       |     3 ||     3
